 Dungeon Crawl Stone Soup version 0.17-a0-1-g1f4be75 (webtiles) character file.

117 vatarom the Ducker (level 4, -2/36 HPs)
             Began as a Draconian Transmuter on Mar 9, 2015.
             Succumbed to an orc's poison
             ... on level 3 of the Dungeon.
             The game lasted 00:04:49 (2248 turns).

vatarom the Ducker (Draconian Transmuter)           Turns: 2248, Time: 00:04:49

Health: -2/36      AC:  7    Str: 18    XL:     4   Next: 71%
Magic:  7/7        EV: 13    Int: 14    God:
Gold:   70         SH:  0    Dex: 11    Spells: 2 memorised, 3 levels left

rFire  . . .     SeeInvis .       - Unarmed
rCold  . . .     Clarity  .     (armour unavailable)
rNeg   . . .     SustAb   .     (no shield)
rPois  .         Gourm    .     (helmet restricted)
rElec  .         Spirit   .     c - +1 cloak
rCorr  .         Warding  .     (no gloves)
rMut   .         Stasis   .     (no boots)
MR     .....                    (no amulet)
Stlth  +.........               (no ring)
                                e - ring of flight

@: mighty, lethally poisoned (-2 -> -56), not resistant to hostile enchantments,
very unstealthy
A: unfitting armour, cold-blooded, AC +5
a: Evoke Flight


You were on level 3 of the Dungeon.
You were not hungry.

You visited 1 branch of the dungeon, and saw 3 of its levels.

You collected 70 gold pieces.

Inventory:

Missiles
 b - 69 arrows
 f - 18 poisoned arrows
Armour
 c - a +1 cloak (worn)
Jewellery
 e - a ring of flight (left hand)
Scrolls
 g - a scroll of fear
 h - 2 scrolls of identify
Books
 d - a book of Changes

   Spells                             Type                      Level
   a - Beastly Appendage              Transmutation                1
   b - Sticks to Snakes               Transmutation                2
   c - Spider Form                    Transmutation/Poison         3
   d - Ice Form                       Ice/Transmutation            4
   e - Blade Hands                    Transmutation                5
 i - a book of the Dragon

   Spells                             Type                      Level
   a - Flight                         Charms/Air                   3
   b - Cause Fear                     Hexes                        4
   c - Bolt of Fire                   Conjuration/Fire             6
   d - Dragon Form                    Transmutation                7
   e - Dragon's Call                  Summoning                    9
Comestibles
 j - a bread ration
 k - a beef jerky
 m - a royal jelly


   Skills:
 - Level 2.0 Fighting
 * Level 4.2 Dodging
 - Level 3.0 Unarmed Combat
 - Level 2.0 Spellcasting
 - Level 2.0 Transmutations


You had 3 spell levels left.
You knew the following spells:

 Your Spells              Type           Power        Failure   Level  Hunger
a - Beastly Appendage     Trmt           #.....       12%         1    ##.....
b - Spider Form           Trmt/Pois      #.........   47%         3    ####...


Dungeon Overview and Level Annotations

Branches:
Dungeon (3/15)

Altars:


Innate Abilities, Weirdness & Mutations

Your plain brown scales are hard (AC +5).
Your body does not fit into most forms of armour.
Your cold-blooded metabolism reacts poorly to cold.


Message History

You can't drink that!
Drink which item? (? for menu, Esc to quit)
You feel very mighty all of a sudden.
You feel sick. The orc hits you but does no damage.
You are more poisoned.
Drink which item? (? for menu, Esc to quit)
You feel mightier all of a sudden.
You feel very sick.
The orc hits you with a trident of venom.
* * * LOW HITPOINT WARNING * * *
You are more poisoned.
* * * LOW HITPOINT WARNING * * *
You feel very sick. The orc hits you but does no damage.
You are more poisoned.
You see here a scroll of identify.
You hit the orc. Your headbutt misses the orc.
The orc is heavily wounded.
Your horns disappear.
You die...

#.....###
.....)..##########
........#........#
#................#
.....####........#
##..##
#........####.#
#.##
######........#
#.# ###...#####.#
.# #..)r)@# ##.#
### #.##..o#
.#.#... ... #.....
...#.######
#..#### .........
...# .....###.
#.... ..#......
##... ..###...
.... .## +# #..


You could see an orc and a rat.

Vanquished Creatures
  Robin (D:3)
  2 adders
  A giant mite (D:2)
  2 worms (D:2)
  An ooze (D:2)
  3 orcs (D:3)
  10 bats
  4 hobgoblins
  12 jackals
  A quokka (D:2)
  A giant newt (D:1)
  12 goblins
  8 kobolds
  12 rats
70 creatures vanquished.

Notes
Turn   | Place    | Note
--------------------------------------------------------------
     0 | D:1      | vatarom, the Draconian Transmuter, began the quest for the Orb.
     0 | D:1      | Reached XP level 1. HP: 16/16 MP: 3/3
   241 | D:1      | Reached XP level 2. HP: 18/24 MP: 4/4
  1023 | D:1      | Reached XP level 3. HP: 20/29 MP: 4/6
  1224 | D:2      | Learned a level 3 spell: Spider Form
  1618 | D:2      | Reached XP level 4. HP: 16/36 MP: 5/7
  2034 | D:3      | Noticed Robin
  2060 | D:3      | Reached skill level 4 in Dodging
  2078 | D:3      | Killed Robin
  2248 | D:3      | Succumbed to an orc's poison

Action                   |  1- 3 |  4- 6 || total
-------------------------+-------+-------++-------
Melee: Unarmed           |   163 |    90 ||   253
 Cast: Beastly Appendage |    10 |     6 ||    16
       Spider Form       |       |     1 ||     1
  Use: Scroll            |     4 |     1 ||     5
       Potion            |     2 |     4 ||     6
  Eat: Bread ration      |     1 |     1 ||     2
